 Dungeon Crawl Stone Soup version 0.30-a0-292-g0f741e3f8e (webtiles) character file.

Game seed: 1549756252202475094

54 Lanoc the Covert (level 3, -33/35 HPs)
             Began as a Gnoll Delver on Oct 17, 2022.
             Was a Follower of Makhleb.
             Killed by an exploding Terence (45 damage)
             ... ignited by their inner flame
             ... on level 2 of the Dungeon.
             The game lasted 00:02:56 (1274 turns).

Lanoc the Covert (Gnoll Delver)                     Turns: 1274, Time: 00:02:56

Health: -33/35     AC:  3    Str: 13    XL:     3   Next: 91%
Magic:  4/4        EV: 13    Int:  9    God:    Makhleb [*.....]
Gold:   55         SH:  0    Dex: 13    Spells: 4/4 levels left

rFire   . . .      SeeInvis .    a - +0 mace
rCold   . . .      Faith    .    (no shield)
rNeg    . . .      Spirit   .    b - +0 leather armour
rPois   .          Reflect  .    (no helmet)
rElec   .          Harm     .    (no cloak)
rCorr   .          Rampage  .    (no gloves)
Will    .....                    (no boots)
Stlth   ++++......               (no amulet)
HPRegen 0.25/turn                (no ring)
MPRegen 0.09/turn                (no ring)

@: no status effects
A: fangs 1, strong nose, distributed training
a: Renounce Religion


You were on level 2 of the Dungeon.
You worshipped Makhleb.
Makhleb was aware of your devotion.
You visited 1 branch of the dungeon, and saw 5 of its levels.

You collected 55 gold pieces.

Inventory:

Hand Weapons
 a - a +0 mace (weapon)
Armour
 b - a +0 leather armour (worn)
Jewellery
 h - an amulet of magic regeneration
Wands
 g - a wand of digging (3)
Scrolls
 c - a scroll of fog
 d - a scroll of magic mapping
Potions
 e - a potion of haste
 i - a potion of invisibility {unknown}
 l - a potion of might {unknown}
 m - a potion of mutation


   Skills:
 + Level 6.5 Fighting
 + Level 1.0 Short Blades
 + Level 1.0 Long Blades
 + Level 1.0 Axes
 + Level 4.6 Maces & Flails
 + Level 1.0 Polearms
 + Level 1.0 Staves
 + Level 1.0 Ranged Weapons
 + Level 1.0 Throwing
 + Level 1.0 Armour
 + Level 4.6 Dodging
 + Level 9.6 Stealth
 + Level 1.0 Shields
 + Level 1.0 Unarmed Combat
 + Level 1.0 Spellcasting
 + Level 0.7 Conjurations
 + Level 0.7 Hexes
 + Level 0.7 Summonings
 + Level 0.7 Necromancy
 + Level 0.7 Translocations
 + Level 0.7 Transmutations
 + Level 0.7 Fire Magic
 + Level 0.7 Ice Magic
 + Level 0.7 Air Magic
 + Level 0.7 Earth Magic
 + Level 0.7 Poison Magic
 + Level 1.1 Invocations
 + Level 1.0 Evocations


You had 4 spell levels left.
You didn't know any spells.
Your spell library was empty.

Dungeon Overview and Level Annotations

Branches:
Dungeon (5/15)
 Temple: D:4-7

Altars:
Makhleb

Annotations:
D:5 Duvessa


Innate Abilities, Weirdness & Mutations

You have very sharp teeth.
Your uncanny sense of smell can sniff out nearby items.
Your experience applies equally to all skills.


Message History

No target in view!
No target in view!
No target in view!
No target in view!
Terence the Incautious comes into view.
He is wielding a +0 falchion.
Terence hits you with a +0 falchion!
You hit Terence.
Terence is lightly wounded.
Terence barely misses you.
You hit Terence.
Terence is moderately wounded.
Terence hits you with a +0 falchion.
You hit Terence but do no damage.
Terence is moderately wounded.
Terence hits you with a +0 falchion!
You are too injured to fight recklessly!
As you read the scroll labelled HAESI BIRI, it crumbles to dust.
It is a scroll of identify.
m - a potion of mutation Terence closely misses you.
As you read the scroll labelled TEF UPTIOJU, it crumbles to dust.
It is a scroll of amnesia.
You feel forgetful for a moment. Terence completely misses you.
As you read the scroll labelled KUABBA UJIEC, it crumbles to dust.
The creatures around you are filled with an inner flame!
It was a scroll of immolation.
Terence hits you with a +0 falchion.
You are too injured to fight recklessly!
You closely miss Terence.
Flame seeps out of Terence.
You bite Terence.
Terence is moderately wounded.
Terence is engulfed in blazing flames.
Flame seeps out of Terence.
Terence hits you with a +0 falchion.
You hit Terence but do no damage.
Flame seeps out of Terence.
You punch Terence.
Terence is severely wounded.
Terence is engulfed in blazing flames.
Makhleb accepts your kill.
Terence explodes!
The fiery explosion engulfs you!!!
Ouch! That really hurt!
You die...

...#..#.#..##.. .. . ..
............... ...#.#.
####..#.#.###.. ...#.#.
####>.#.#.# #.. .......
..........# #.. ...#.#.
####..#.#.# #..
.......##### #..#.#.# #..
.......§§§.####..#.#.###..
#......§°@................
#.#....§.§.##.............
#..#####.##.#.####.###..
#. #.##.....##.# #.. #
#.##.#.####.# #..
#.##.#......# #.. #
#.##.#.####.# #..
##.##.##.#.####.# ..
.................


There were no monsters in sight!

Vanquished Creatures
  Terence (D:2)
  2 adders (D:2)
  A dart slug (D:1)
  2 endoplasms (D:1)
  4 goblins
  4 hobgoblins
  3 kobolds
  2 quokkas (D:1)
  5 ball pythons
  2 bats
  4 frilled lizards (D:1)
  5 rats (D:1)
35 creatures vanquished.

Vanquished Creatures (others)
  A plant (D:2)
1 creature vanquished.

Grand Total: 36 creatures vanquished

Notes
Turn   | Place    | Note
-------+----------+-------------------------------------------
     0 | D:5      | Reached skill level 9 in Stealth
     0 | D:5      | Lanoc the Gnoll Delver began the quest for the Orb.
     0 | D:5      | Reached XP level 1. HP: 23/23 MP: 1/1
    53 | D:5      | Found a burning altar of Makhleb.
    58 | D:5      | Noticed Duvessa
    63 | D:5      | Became a worshipper of Makhleb the Destroyer
    64 | D:5      | Noticed a hound
    74 | D:5      | Noticed an iguana
   294 | D:1      | Reached XP level 2. HP: 10/29 MP: 2/2
   706 | D:1      | Reached * piety under Makhleb
   711 | D:1      | Found a faded altar of an unknown god.
   724 | D:1      | Reached XP level 3. HP: 35/35 MP: 3/3
  1093 | D:2      | Reached skill level 1 in Invocations
  1159 | D:2      | Reached skill level 1 in Short Blades
  1159 | D:2      | Reached skill level 1 in Long Blades
  1159 | D:2      | Reached skill level 1 in Axes
  1159 | D:2      | Reached skill level 1 in Polearms
  1159 | D:2      | Reached skill level 1 in Staves
  1159 | D:2      | Reached skill level 1 in Ranged Weapons
  1159 | D:2      | Reached skill level 1 in Throwing
  1159 | D:2      | Reached skill level 1 in Armour
  1159 | D:2      | Reached skill level 1 in Shields
  1159 | D:2      | Reached skill level 1 in Unarmed Combat
  1159 | D:2      | Reached skill level 1 in Spellcasting
  1159 | D:2      | Reached skill level 1 in Evocations
  1259 | D:2      | Noticed Terence
  1274 | D:2      | Killed Terence
  1274 | D:2      | Killed by an exploding Terence... ignited by their inner
                  | flame

Illustrated notes

Levels and vault maps discovered:
D:1:      minmay_arrival_diagonal_passages, layout_basic,
          hellmonk_ecumenical_altar_heavens_door
D:2:      layout_basic, chequers_serial_rivers_small_a, lexackson_kobold_supper,
          uniq_terence
D:3:      layout_basic, gammafunk_temple_overflow_statue,
          gammafunk_ghost_abyssal_escape, serial_shops,
          nicolae_shop_bloodbath_and_beyond
D:4:      layout_basic, minmay_lizard_king
D:5:      layout_gridville, mainiacjoe_overflow_tiny_flanked,
          nicolae_gozag_cash_rules_everything_around_me, uniq_duvessa

Skill      XL: |  1  2  3 |
---------------+----------+-----
Stealth        | |  9.6
Invocations    | 1 |  1.1
Short Blades   | 1 |  1.0
Long Blades    | 1 |  1.0
Axes           | 1 |  1.0
Polearms       | 1 |  1.0
Staves         | 1 |  1.0
Ranged Weapons | 1 |  1.0
Throwing       | 1 |  1.0
Armour         | 1 |  1.0
Shields        | 1 |  1.0
Unarmed Combat | 1 |  1.0
Spellcasting   | 1 |  1.0
Evocations     | 1 |  1.0
Fighting       | |  6.5
Maces & Flails | |  4.6
Dodging        | |  4.6
Conjurations   | |  0.7
Hexes          | |  0.7
Summonings     | |  0.7
Necromancy     | |  0.7
Translocations | |  0.7
Transmutations | |  0.7
Fire Magic     | |  0.7
Ice Magic      | |  0.7
Air Magic      | |  0.7
Earth Magic    | |  0.7
Poison Magic   | |  0.7

Action                   || total
-------------------------++-------
Melee: Mace              ||    84
       Bite              ||     3
       Punch             ||     2
  Use: Scroll            ||     4
       Potion            ||     1
 Stab: Sleeping          ||    12
       Distracted        ||     1
Armor: Leather armour    ||    16
Dodge: Dodged            ||    54

Table legend: (Time is in decaauts)
 A = Elapsed time spent in this place.
 B = Non-inter-level travel time spent in this place.
 C = Inter-level travel time spent in this place.
 D = Time resting spent in this place.
 E = Time spent auto-exploring this place.
 F = Levels seen in this place.
 G = Mean time per level.
                   A        B        C        D        E       F      G
               +--------+--------+--------+--------+--------+-----+--------+
         Total |   1270 |   1238 |     32 |      0 |    901 |   5 |  254.0 |
       Dungeon |   1270 |   1238 |     32 |      0 |    901 |   5 |  254.0 |
               +--------+--------+--------+--------+--------+-----+--------+

Top non-repeatable levels by time:
     D:1: 810 daAuts
     D:2: 228 daAuts
     D:5: 106 daAuts
     D:4: 89 daAuts
     D:3: 35 daAuts
